 Dungeon Crawl Stone Soup version 0.22-a0-402-ga933591 (webtiles) character file.

53 Borgoz the Skirmisher (level 3, 0/24 HPs)
             Began as a Gargoyle Abyssal Knight on May 6, 2018.
             Was a Follower of Lugonu.
             Slain by Natasha (5 damage)
             ... on level 2 of the Dungeon.
             The game lasted 00:01:43 (1481 turns).

Borgoz the Skirmisher (Gargoyle Abyssal Knight)     Turns: 1481, Time: 00:01:44

Health: 0/24       AC:  6    Str: 15    XL:     3   Next: 89%
Magic:  4/4        EV: 17    Int: 12    God:    Lugonu [*.....]
Gold:   102        SH:  0    Dex: 19    Spells: 2/2 levels left

rFire    + . .     SeeInvis .   a - +1 short sword
rCold    . . .     Gourm    .   (no shield)
rNeg     + . .     Faith    .   b - +0 leather armour
rPois    ∞         Spirit   .   (no helmet)
rElec    +         Reflect  .   (no cloak)
rCorr    .         Harm     .   (no gloves)
MR       .....                  (no boots)
Stlth    ++........             (no amulet)
HPRegen  0.08/turn              p - ring of protection from fire
MPRegen  0.09/turn              r - +4 ring of dexterity

@: agile
A: negative energy resistance 1, electricity resistance, unbreathing,
petrification resistance, rot immunity, AC +3
a: Depart the Abyss, Renounce Religion


You were on level 2 of the Dungeon.
You worshipped Lugonu.
Lugonu was aware of your devotion.
You were hungry.

You visited 1 branch of the dungeon, and saw 2 of its levels.
You visited the Abyss 1 time.

You collected 102 gold pieces.

Inventory:

Hand Weapons
 a - a +1 short sword (weapon)
Armour
 b - a +0 leather armour (worn)
Jewellery
 p - a ring of protection from fire (left hand)
 r - a +4 ring of dexterity (right hand)
Scrolls
 d - 2 scrolls of fear {unknown}
 f - a scroll of immolation {unknown}
 i - a scroll of blinking {unknown}
 j - a scroll of identify
 k - a scroll of magic mapping {unknown}
 l - a scroll of enchant weapon {unknown}
 n - a scroll of remove curse {unknown}
 q - a scroll of teleportation {unknown}
Potions
 e - a potion of flight {unknown}
 g - a potion of agility
 h - 2 potions of heal wounds {unknown}
 m - 2 potions of degeneration {unknown}
 o - 2 potions of curing {unknown}
 s - a potion of brilliance {unknown}
Comestibles
 c - 2 rations


   Skills:
 + Level 3.7 Fighting
 * Level 2.4 Short Blades
 + Level 2.8 Armour
 + Level 1.3 Dodging
 + Level 2.5 Invocations


You had 2 spell levels left.
You didn't know any spells.

Dungeon Overview and Level Annotations

Branches:
Dungeon (2/15)

Altars:
Makhleb

Annotations:
D:2 Natasha


Innate Abilities, Weirdness & Mutations

You are resistant to torment.
Your stone body is resilient. (AC +3)
You are immune to poison.
You resist negative energy. (rN+)
You are resistant to electric shocks. (rElec)
You can survive without breathing.
You are immune to petrification.
You are immune to rotting.


Message History

Natasha claws you.
* * * LOW HITPOINT WARNING * * *
You hit Natasha.
Natasha is moderately wounded.
Natasha casts a spell at you. You resist with significant effort.
You barely miss Natasha.
Natasha is moderately wounded.
Natasha claws you.
* * * LOW HITPOINT WARNING * * *
You hit Natasha but do no damage.
Natasha is moderately wounded.
Natasha misses you.
You hit Natasha but do no damage.
Natasha is moderately wounded.
Natasha claws you but does no damage.
You hit Natasha.
Natasha is moderately wounded.
Natasha claws you.
You die...

###########
.....gh@..#
#############.####
#.....<.<........#
#.###.#...#.##.#.#
#.#.#.....#.##.#.#
..
#.#.........##.#.#
...
#.#.###.#...##.#.#
...
#.#.#.......##.#.#
.... #.#
#####...##.#.#


You could see Natasha and a goblin.

Vanquished Creatures
  2 adders (D:2)
  An adder zombie (D:2)
  A dart slug (D:1)
  3 giant cockroaches (D:1)
  2 goblins
  2 hobgoblins (D:1)
  8 jackals
  2 kobolds (D:1)
  2 bats
  2 frilled lizards
  4 rats
29 creatures vanquished.

Notes
Turn   | Place    | Note
-------+----------+-------------------------------------------
     0 | Abyss:1  | Borgoz the Gargoyle Abyssal Knight began the quest for the Orb.
     0 | Abyss:1  | Reached XP level 1. HP: 14/14 MP: 2/2
    46 | Abyss:1  | Noticed an orange demon
    48 | D:1      | Escaped the Abyss
   128 | D:1      | Reached skill level 1 in Dodging
   128 | D:1      | Reached XP level 2. HP: 5/19 MP: 3/3
   275 | D:1      | Reached * piety under Lugonu
  1005 | D:2      | Found a burning altar of Makhleb.
  1016 | D:2      | Reached XP level 3. HP: 21/23 MP: 4/4
  1468 | D:2      | Noticed Natasha
  1481 | D:2      | Slain by Natasha

Vault maps used:
D:1:      dpeg_arrival_tiny_i
D:2:      nicolae_overflow_crystal_walls, uniq_robin, uniq_sigmund,
          uniq_jessica, uniq_natasha

Skill      XL: |  1  2 |
---------------+-------+-----
Dodging        | 1 |  1.3
Short Blades   | 2 |  2.4
Fighting       | |  3.7
Armour         | |  2.8
Invocations    | |  2.5

Action                   || total
-------------------------++-------
Melee: Short sword       ||   130
Invok: Depart the Abyss  ||     1
  Use: Scroll            ||     1
       Potion            ||     1
  Eat: Chunk             ||     1
Armor: Leather armour    ||    71
Dodge: Dodged            ||    79

Table legend:
 A = Spawn XP
 B = Non-spawn XP
 C = Spawn XP percentage of total XP
 D = Spawn monster count
 E = Non-spawn monster count
 F = Spawn count percentage of total count
 G = Total turns spent on level
                    A         B        C        D         E        F      G
               +---------+---------+-------+---------+---------+-------+---------
         Total |       0 |      77 |   0.0 |       0 |      29 |   0.0 |  1481
               +---------+---------+-------+---------+---------+-------+---------
           D:1 |       0 |      32 |   0.0 |       0 |      18 |   0.0 |   934
           D:2 |       0 |      45 |   0.0 |       0 |      11 |   0.0 |   499
               +---------+---------+-------+---------+---------+-------+---------
